 Dungeon Crawl Stone Soup version 0.24-a0-169-g71aafec (webtiles) character file.

Game seed: 12228034474510308979

140 nikopol the Chopper (level 5, -6/48 HPs)
             Began as a Minotaur Berserker on Mar 7, 2019.
             Was a Believer of Trog.
             Killed from afar by a gnoll (11 damage)
             ... with a wand of flame (16)
             ... on level 3 of the Dungeon.
             The game lasted 00:04:12 (1813 turns).

nikopol the Chopper (Minotaur Berserker)            Turns: 1813, Time: 00:04:13

Health: -6/48      AC:  6    Str: 22    XL:     5   Next: 2%
Magic:  4/4        EV: 12    Int:  4    God:    Trog [**....]
Gold:   125        SH:  0    Dex: 10    Spells: 4/4 levels left

rFire    . . .     SeeInvis +   a - +0 hand axe
rCold    . . .     Gourm    .   (no shield)
rNeg     + . .     Faith    .   s - +0 ring mail
rPois    .         Spirit   .   (helmet restricted)
rElec    .         Reflect  .   (no cloak)
rCorr    .         Harm     .   v - +0 pair of gloves
MR       .....                  (no boots)
Stlth    +.........             (no amulet)
HPRegen  0.16/turn              y - ring of see invisible
MPRegen  0.09/turn              q - ring of positive energy

@: lethally poisoned (-6 -> -28), berserk cooldown, slowed, very slow
A: retaliatory headbutt, horns 2
a: Berserk, Trog's Hand, Renounce Religion


You were on level 3 of the Dungeon.
You worshipped Trog.
Trog was pleased with you.
You were hungry.

You visited 1 branch of the dungeon, and saw 3 of its levels.

You collected 125 gold pieces.

Inventory:

Hand Weapons
 a - a +0 hand axe (weapon)
Missiles
 d - 19 bolts
 r - 18 arrows
Armour
 b - a +0 animal skin
 s - a +0 ring mail (worn)
 v - a +0 pair of gloves (worn)
Jewellery
 q - a ring of positive energy (right hand)
 y - a ring of see invisible (left hand)
Scrolls
 e - a scroll of identify
 g - 4 scrolls of remove curse
 i - a scroll of noise {unknown}
 j - a scroll of fear {unknown}
 k - 2 scrolls of teleportation {unknown}
 t - 2 scrolls of blinking {unknown}
 x - a scroll of amnesia {unknown}
Potions
 f - 3 potions of heal wounds
 l - a potion of cancellation
 m - a potion of lignification
 n - 3 potions of curing
 o - a potion of agility
 p - a potion of flight {unknown}
 w - a potion of brilliance {unknown}
 z - a potion of degeneration {unknown}
Comestibles
 c - 9 rations
 A - 3 chunks of flesh


   Skills:
 + Level 5.0 Fighting
 + Level 5.1 Axes
 + Level 2.9 Armour
 + Level 2.9 Dodging
 + Level 0.5 Stealth


You had 4 spell levels left.
You didn't know any spells.
Your spell library was empty.

Dungeon Overview and Level Annotations

Branches:
Dungeon (3/15)

Altars:
Ashenzari

Annotations:
D:3 1 transporter, Arthanis's ghost, amateur GrBe


Innate Abilities, Weirdness & Mutations

You reflexively headbutt those who attack you in melee.
You have a pair of horns on your head.


Message History

Your Fighting skill increases to level 5!
You have reached level 5!
The gnoll hits you from afar with a +2 halberd of venom!
* * * LOW HITPOINT WARNING * * *
You are lethally poisoned!
* * * LOW HITPOINT WARNING * * *
You feel sick.
The gnoll zaps a wand.
The puff of flame hits you.
* * * LOW HITPOINT WARNING * * *
Items here: $ ) = ? † a +0 spear; an uncursed ring of poison resistance; a scroll of remove curse 54 gold pieces; a gnoll corpse You barely miss the gnoll.
Your headbutt misses the gnoll. You barely miss the gnoll. You slash the plant!
You barely miss the gnoll.
You are no longer berserk.
You are exhausted.
You feel yourself slow down.
* * * LOW HITPOINT WARNING * * *
You feel sick. The gnoll barely misses you.
The gnoll zaps a wand.
The puff of flame hits you!
You die...

#.≈≈#..... .....#≈≈....####
#.≈≈###.##'##.###≈≈........
#.≈≈..#.#...#.#.(≈≈.....##.
#.≈≈.##.#g..#.##.≈≈....<...
#.≈≈.#g.#W:.#..#.≈≈....###.
#.≈≈.##.#####.##)≈≈.#### ##
#.≈≈..#.#8)8#.#.....#
#.≈≈.©#.'.©g).#©....#
#.≈≈..#.#g@P#.#.....#
#.≈≈.##.##g##.##.≈≈.#
#.≈≈.#..#P.P#gg#.≈≈.#
#.≈≈.##.'...'g##.≈≈.######
#.≈≈..#.#P..#.#..≈≈..#...##
#.≈≈###.##'##.###≈≈.......[
#.≈≈#...........#≈≈...=...)
#.≈≈#..###.###(.#≈≈........
##.≈≈#g.#8###8#..#≈≈........


You could see 3 gnolls.

Vanquished Creatures
  2 adders
  5 gnolls (D:3)
  A worm (D:3)
  4 dart slugs
  5 orcs (D:3)
  A ball python (D:3)
  3 giant cockroaches
  3 goblins
  8 hobgoblins
  2 jackals (D:1)
  A quokka (D:2)
  9 bats
  2 frilled lizards (D:3)
  9 kobolds
  7 rats
62 creatures vanquished.

Vanquished Creatures (others)
  2 plants (D:3)
2 creatures vanquished.

Grand Total: 64 creatures vanquished

Notes
Turn   | Place    | Note
-------+----------+-------------------------------------------
     0 | D:1      | nikopol the Minotaur Berserker began the quest for the Orb.
     0 | D:1      | Reached XP level 1. HP: 19/19 MP: 0/0
   150 | D:1      | Reached XP level 2. HP: 20/27 MP: 1/1
   285 | D:1      | Reached ** piety under Trog
   678 | D:2      | Reached XP level 3. HP: 34/34 MP: 2/2
   766 | D:2      | Found a shattered altar of Ashenzari.
  1377 | D:3      | Found a transporter.
  1475 | D:3      | Noticed Arthanis's ghost (amateur GrBe)
  1588 | D:3      | Reached XP level 4. HP: 35/41 MP: 3/3
  1771 | D:3      | Found a transporter.
  1807 | D:3      | Reached skill level 5 in Axes
  1811 | D:3      | Reached skill level 5 in Fighting
  1811 | D:3      | Reached XP level 5. HP: 21/48 MP: 4/4
  1813 | D:3      | Killed from afar by a gnoll

Levels and vault maps discovered:
D:1:      erik_arrival_triangle_small, layout_loops_ring, minmay_tetromino_i4
D:2:      layout_basic, ashenzari_altar_1, first_ration, minmay_liquid_box
D:3:      layout_rooms, gammafunk_ghost_gnarly_gnolls

Skill      XL: |  1  2  3  4 |
---------------+-------------+-----
Axes           | 4 5 |  5.1
Fighting       | 4 5 |  5.0
Armour         | |  2.9
Dodging        | |  2.9
Stealth        | |  0.5

Action                   |  1- 3 |  4- 6 || total
-------------------------+-------+-------++-------
Melee: Hand axe          |    89 |     9 ||    98
       Headbutt          |    17 |     4 ||    21
       Broad axe         |     5 |    19 ||    24
Invok: Berserk           |       |     1 ||     1
  Use: Scroll            |       |     6 ||     6
 Stab: Sleeping          |     2 |       ||     2
  Eat: Chunk             |     2 |     1 ||     3
Armor: Animal skin       |    21 |       ||    21
       Ring mail         |     3 |    13 ||    16
Dodge: Dodged            |    65 |    19 ||    84

Table legend:
 A = Non-vault XP
 B = Vault XP
 C = Vault XP percentage of total XP
 D = Non-vault monster count
 E = Vault monster count
 F = Vault count percentage of total count
                 A         B        C        D         E       F
            +---------+---------+-------+---------+---------+-------
      Total |     127 |      73 |  36.5 |      53 |       9 |  14.5
            +---------+---------+-------+---------+---------+-------
        D:1 |      36 |       4 |  10.0 |      21 |       4 |  16.0
        D:2 |      37 |       0 |   0.0 |      13 |       0 |   0.0
        D:3 |      54 |      69 |  56.1 |      19 |       5 |  20.8
            +---------+---------+-------+---------+---------+-------
